 Dungeon Crawl Stone Soup version 0.16-a0-1120-gd281f79 (webtiles) character file.

1203 Ololoev the Caregiver (level 8, 66/68 HPs)
             Began as a Deep Dwarf Healer on Oct 6, 2014.
             Was a Follower of Elyvilon.
             Quit the game on level 5 of the Dungeon.
             The game lasted 00:34:10 (6231 turns).

Ololoev the Caregiver (Deep Dwarf Healer)           Turns: 6231, Time: 00:34:10

Health: 66/68      AC: 12    Str: 17    XL:     8   Next: 21%
Magic:  18/18      EV:  8    Int: 12    God:    Elyvilon [*.....]
Gold:   316        SH:  0    Dex: 14    Spells: 0 memorised, 7 levels left

rFire  . . .     SeeInvis .     k - +0 hand axe (chop)
rCold  + . .     Clarity  .     p - +2 scale mail {rC+}
rNeg   . . .     SustAb   .     (no shield)
rPois  .         Gourm    .     a - +0 helmet
rElec  .         Spirit   .     (no cloak)
rCorr  .         Warding  .     i - +1 pair of gloves
rMut   .         Stasis   .     (no boots)
MR     +....                    (no amulet)
Stlth  ..........               (no ring)
                                (no ring)

@: non-regenerating, somewhat resistant to hostile enchantments, extremely
unstealthy
A: damage resistance, recharge devices, sense surroundings 1, slow healing 3
a: Device Recharging, Lesser Healing, Lesser Self-Healing, Divine Protection,
Renounce Religion


You were on level 5 of the Dungeon.
You worshipped Elyvilon.
Elyvilon was aware of your devotion.
You were not hungry.

You visited 2 branches of the dungeon, and saw 6 of its levels.

You collected 316 gold pieces.

Inventory:

Hand weapons
 k - a +0 hand axe of chopping (weapon)
Armour
 a - a +0 helmet (worn)
 i - a +1 pair of gloves (worn)
 p - a +2 scale mail of cold resistance (worn)
Magical devices
 d - a wand of heal wounds (3)
Comestibles
 f - 2 bread rations
 l - 3 meat rations
Scrolls
 e - 3 scrolls of remove curse {unknown}
 j - a scroll of enchant armour {unknown}
 m - 6 scrolls of teleportation {unknown}
 o - 2 scrolls of immolation {unknown}
 r - 6 scrolls of identify {unknown}
 t - a scroll of noise {unknown}
Potions
 b - 4 potions of curing
 c - 2 potions of heal wounds
 g - a potion of invisibility {unknown}
 h - 2 potions of confusion {unknown}
 s - 2 potions of poison {unknown}


   Skills:
 - Level 2.4 Fighting
 * Level 6.6 Axes
 + Level 5.0 Armour
 - Level 2.2 Dodging
 - Level 7.8 Invocations


You had 7 spell levels left.
You didn't know any spells.

Dungeon Overview and Level Annotations

Branches:
Dungeon (5/15)             Temple (1/1) D:5

Altars:
Ashenzari
Dithmenos
Elyvilon
Fedhas
Gozag
Kikubaaqudgha
Ru
Sif Muna
Trog
Vehumet
Xom
Yredelemnul
The Shining One


Innate Abilities, Weirdness & Mutations

You are resistant to damage.
You can recharge devices by infusing magical energy.
You passively map a small area around you.
You do not heal naturally.


Message History

Partly explored, can't reach some places.
Partly explored, can't reach some places.
Partly explored, can't reach some places.
Partly explored, can't reach some places.
Partly explored, can't reach some places.
Search for what [Enter for "armour", or ? for help]? mak Can't find anything matching that.
Eat which item? (? for menu, Esc to quit)
Okay, then.
There is a staircase back to the Dungeon here.
You climb upwards.
Welcome back to the Dungeon!
There is a staircase to the Ecumenical Temple here.
Eat which item? (? for menu, Esc to quit)
You continue eating.
You finish eating.
Mmm...
Mushroom.
Quiver which item? (- for none, * to show all) (? for menu, Esc to quit)
Okay, then.
Quiver which item? (- for none, * to show all) (? for menu, Esc to quit)
Okay, then.
Are you sure you want to abandon this character and quit the game? (Confirm with "yes".)

.......##* ... #### ,
.###....# ,#.. ...... *,
PPP...#...# ..*#.. ...
P...#.#..####.##.##.##
_PP.#....###.......$.#..
P.P...###...............
PPP..## #..#..⌠...⌠..#,
......###..#.........####
,
#####.##........@.......#
, ,
.####..#..##.........#...
, ...##......#..⌠...⌠..#
*
##...#..##.............#
#..#....###.........#.. *
##.#.......##.##.##.## *
* ##.#.........<........
, .................####
.%................# * ,


There were no monsters in sight!

Vanquished Creatures
  The ghost of JacquesDerrida the Cudgeler, an experienced DgSk (D:4)
  An ogre (D:5)
  Sigmund (D:3)
  A giant frog (D:3)
  2 scorpions
  4 orc priests
  7 orc wizards
  4 worker ants
  A scorpion zombie (D:5)
  3 adders
  A gnoll zombie (D:5)
  A shadow imp (D:5)
  A worm (D:3)
  3 giant geckos
  An ooze (D:3)
  4 orcs
  8 goblins
  6 hobgoblins
  3 jackals
  3 bats
  5 giant cockroaches
  4 giant newts
  A hobgoblin zombie (D:5)
  4 kobolds
  A quokka skeleton (D:4)
  10 rats
81 creatures vanquished.

Vanquished Creatures (others)
  A human (D:4)
  A crimson imp (D:5)
  An iguana (D:4)
  2 orcs
  A goblin (D:1)
  3 hobgoblins (D:1)
  2 kobolds
11 creatures vanquished.

Grand Total: 92 creatures vanquished

Notes
Turn   | Place    | Note
--------------------------------------------------------------
     0 | D:1      | Ololoev, the Deep Dwarf Healer, began the quest for the Orb.
     0 | D:1      | Reached XP level 1. HP: 16/16 MP: 2/2
    65 | D:1      | Reached skill level 1 in Fighting
   152 | D:1      | Reached skill level 4 in Invocations
   473 | D:1      | Reached XP level 2. HP: 8/25 MP: 2/4
  1275 | D:1      | Reached XP level 3. HP: 32/32 MP: 6/6
  2023 | D:2      | Reached skill level 5 in Invocations
  2603 | D:3      | Reached XP level 4. HP: 33/40 MP: 8/8
  3139 | D:3      | Reached skill level 1 in Axes
  3157 | D:3      | Noticed a giant frog
  3162 | D:3      | Killed a giant frog
  3162 | D:3      | Reached XP level 5. HP: 28/46 MP: 10/10
  3261 | D:3      | Noticed Sigmund
  3446 | D:3      | Killed Sigmund
  3576 | D:3      | Reached XP level 6. HP: 51/55 MP: 9/11
  4081 | D:4      | Noticed JacquesDerrida's ghost (experienced DgSk)
  4194 | D:4      | Killed JacquesDerrida's ghost
  4194 | D:4      | Reached skill level 7 in Invocations
  4194 | D:4      | Reached XP level 7. HP: 32/61 MP: 9/17
  4595 | D:4      | Found an ancient bone altar of Kikubaaqudgha.
  4595 | D:4      | Noticed a human
  4599 | D:4      | Killed a human
  4962 | D:4      | Reached skill level 5 in Axes
  4966 | D:5      | Entered Level 5 of the Dungeon
  5384 | D:5      | Reached XP level 8. HP: 35/68 MP: 18/18
  5557 | D:5      | Found a blossoming altar of Fedhas.
  5813 | D:5      | Reached skill level 5 in Armour
  5849 | D:5      | Found a staircase to the Ecumenical Temple.
  5871 | Temple   | Entered the Ecumenical Temple
  6231 | D:5      | Quit the game

Action                   |  1- 3 |  4- 6 |  7- 9 || total
-------------------------+-------+-------+-------++-------
Melee: Unarmed           |   341 |    22 |       ||   363
       Hand axe          |       |   192 |   242 ||   434
Invok: Lesser Healing    |    46 |    13 |    34 ||    93
       Lesser Self-Heali |    11 |    19 |    46 ||    76
       Purification      |       |     3 |       ||     3
Evoke: Wand              |       |     2 |       ||     2
  Eat: Chunk             |     9 |     7 |    17 ||    33
       Bread ration      |     1 |       |       ||     1
       Pizza             |       |     2 |     1 ||     3
       Beef jerky        |       |     1 |     1 ||     2
